AoeStats
← wolololigma

Nomad

505114969Analyzed
3v3 RM · 23d ago on Sep 7, 2026· 35m 25s· 6 players
Game mode
Random Map
Map size
210×210
Population
200
Speed
Normal
Resources
Standard
Victory
Conquest
Starting age
Dark Age
Ending age
Imperial Age
RankedLock teamsTeams togetherTeam positionsShared explorationLock speedFull tech treeHidden civsTurbo modeCheats
Victory
Defeat
🇦🇷 Spanish · Argentina
1331
+8
🇦🇷 Persians · Argentina
1135
+15
🇦🇷 Vietnamese · Argentina
1121
+16
🇺🇸 Ethiopians · United States
1145
-14
🇦🇷 Persians · Argentina
1118
-13
🇺🇸 Tupi · United States
1105
-12
wolololigma
7:00 Loom
15:54 Feudal Age
16:26 Double-Bit Axe
17:29 Horse Collar
19:46 Wheelbarrow
20:23 Forging
24:14 Castle Age
24:24 Fletching
24:35 Padded Archer Armor
25:42 Heavy Plow
25:54 Bow Saw
25:08 Elite Skirmisher
25:45 Stone Mining
28:24 Hand Cart
35:52 Imperial Age
GrandNedgus
4:01 Loom
16:36 Feudal Age
17:15 Fishing Lines
18:32 Double-Bit Axe
18:42 Gold Mining
20:03 Champi Runner
23:06 Castle Age
21:13 Scale Mail Armor
21:24 Forging
23:00 Fletching
23:59 Bow Saw
23:44 Stone Mining
23:46 Gillnets
23:28 Elite Skirmisher
24:06 Champi Warrior
24:50 Squires
28:04 Bodkin Arrow
repulge
14:18 Loom
17:06 Feudal Age
21:43 Castle Age
20:13 Double-Bit Axe
20:39 Stone Mining
21:58 Fletching
acaniglia
6:58 Loom
12:12 Feudal Age
19:21 Castle Age
18:33 Forging
20:31 Double-Bit Axe
23:14 Scale Barding Armor
24:02 Town Watch
27:03 Chain Barding Armor
32:51 Bow Saw
33:59 Bloodlines
34:30 Iron Casting
Zool
12:14 Loom
14:24 Feudal Age
16:07 Fishing Lines
16:46 Double-Bit Axe
20:42 Castle Age
19:13 Gold Mining
19:24 Fletching
19:35 Padded Archer Armor
20:46 Crossbowman
24:34 Bodkin Arrow
27:28 Gillnets
28:40 Wheelbarrow
28:40 Ballistics
29:24 Bow Saw
28:46 Elite Skirmisher
29:32 Thumb Ring
29:57 Leather Archer Armor
30:53 Hand Cart
Pryzma
5:18 Loom
13:28 Feudal Age
18:12 Castle Age
16:34 Padded Archer Armor
16:57 Double-Bit Axe
17:40 Fishing Lines
18:20 Gold Mining
19:22 Bow Saw
25:36 Gillnets
34:09 Imperial Age
31:48 Horse Collar
33:43 Wheelbarrow
33:56 Leather Archer Armor
34:28 Bloodlines
34:18 Husbandry
34:24 Husbandry
36:09 Ring Archer Armor
36:47 Chemistry
Connection lost

Rejoining the realm…

Still unreachable

The connection could not be restored.

Session expired

The server has moved on; the page needs a fresh start.